[ PARTIDA AOE2 · #495890752 ]
UnrankedTurcos vs Vikings
Equipo del jugador · DERR
Equipo rival · VICT
[ ANÁLISIS DE REPETICIÓN · EXTRAÍDO DE LA PARTIDA GRABADA ]
Feudal
10:22
Castillos
14:34
Imperial
31:44
| APM promedio | 45.8 |
| APM pico | 115 |
| eAPM promedio | 20.9 |
| Aldeanos / militares | 126 / 247 |
Foco
⚔️ 33.1% · 🌾 66.9%
Scout Cavalry ×143 · Janissary ×89 · Bombard Cannon ×10 · Trebuchet (Packed) ×4 · Battering Ram ×1
Feudal
10:25
Castillos
17:59
Imperial
33:15
| APM promedio | 28.3 |
| APM pico | 60 |
| eAPM promedio | 18.5 |
| Aldeanos / militares | 151 / 302 |
Foco
⚔️ 26.0% · 🌾 74.0%
Archer ×105 · Skirmisher ×76 · Spearman ×71 · Militia ×30 · Berserk ×11 · Trebuchet (Packed) ×9
Mapa de la partida
Recursos iniciales + cada clic de construcción. Líneas = muros · curvas = relieve. ◆ oro · ⬟ piedra · ● bayas · ✦ reliquia · ◌ hueco del cierre
Tu base· Abierta — hueco de 11t
Base de Rayleigh· ✓ Cerrada en 17:59 · 3t muro · sin puerta
Terreno inicial suavizado · ◌ = hueco del cierre detectado · pasá el cursor para detalles
Inputs por minuto
— HernanJC - - Rayleigh
Build order — HernanJC
Primeras 150 de 375 acciones detectadas
| 0:05 | Construir | Town Center |
| 1:07 | Crear | Villager (Male) |
| 1:07 | Crear | Villager (Male) |
| 1:08 | Crear | Villager (Male) |
| 1:08 | Crear | Villager (Male) |
| 1:08 | Crear | Villager (Male) |
| 1:09 | Crear | Villager (Male) |
| 1:49 | Crear | Villager (Male) |
| 1:49 | Crear | Villager (Male) |
| 2:16 | Crear | Villager (Male) |
| 2:16 | Crear | Villager (Male) |
| 2:20 | Construir | Lumber Camp |
| 2:51 | Crear | Villager (Male) |
| 2:51 | Crear | Villager (Male) |
| 2:51 | Crear | Villager (Male) |
| 2:59 | Crear | Villager (Male) |
| 2:59 | Crear | Villager (Male) |
| 2:59 | Crear | Villager (Male) |
| 3:12 | Construir | House |
| 3:13 | Construir | House |
| 3:19 | Crear | Villager (Male) |
| 3:19 | Crear | Villager (Male) |
| 3:38 | Crear | Villager (Male) |
| 3:38 | Crear | Villager (Male) |
| 3:39 | Crear | Villager (Male) |
| 3:54 | Crear | Villager (Male) |
| 3:54 | Crear | Villager (Male) |
| 3:55 | Crear | Villager (Male) |
| 4:14 | Crear | Villager (Male) |
| 4:15 | Crear | Villager (Male) |
| 4:20 | Construir | Palisade Wall |
| 4:25 | Construir | Palisade Wall |
| 4:53 | Crear | Villager (Male) |
| 4:53 | Crear | Villager (Male) |
| 4:53 | Crear | Villager (Male) |
| 5:10 | Crear | Villager (Male) |
| 5:10 | Crear | Villager (Male) |
| 5:11 | Crear | Villager (Male) |
| 5:23 | Construir | Mill |
| 6:41 | Construir | House |
| 6:53 | Construir | Palisade Wall |
| 7:03 | Crear | Villager (Male) |
| 7:23 | Investigar | Loom |
| 7:29 | Construir | Mining Camp |
| 8:03 | Investigar | Feudal Age |
| 9:57 | Crear | Villager (Male) |
| 9:57 | Crear | Villager (Male) |
| 10:22 | Edad | Edad Feudal |
| 10:31 | Construir | Market |
| 11:18 | Construir | Blacksmith |
| 11:54 | Investigar | Castle Age |
| 13:08 | Construir | House |
| 13:31 | Investigar | Double-Bit Axe |
| 13:59 | Investigar | Town Watch |
| 14:01 | Investigar | Wheelbarrow |
| 14:34 | Edad | Edad de los Castillos |
| 14:44 | Construir | Town Center |
| 15:00 | Construir | House |
| 15:04 | Investigar | Bow Saw |
| 15:42 | Crear | Villager (Male) |
| 15:47 | Construir | Farm |
| 15:50 | Construir | Farm |
| 15:53 | Construir | Farm |
| 16:15 | Construir | House |
| 17:05 | Construir | Castle |
| 17:19 | Construir | House |
| 17:52 | Construir | Town Center |
| 18:01 | Crear | Villager (Male) |
| 18:01 | Crear | Villager (Male) |
| 18:02 | Crear | Villager (Male) |
| 18:10 | Construir | Outpost |
| 18:40 | Construir | Farm |
| 18:45 | Crear | Villager (Male) |
| 18:45 | Crear | Villager (Male) |
| 19:05 | Construir | Farm |
| 19:15 | Construir | Outpost |
| 19:28 | Crear | Villager (Male) |
| 19:28 | Crear | Villager (Male) |
| 19:28 | Crear | Villager (Male) |
| 19:34 | Construir | Farm |
| 19:37 | Construir | Farm |
| 19:51 | Construir | Farm |
| 20:12 | Investigar | Fletching |
| 20:16 | Construir | Farm |
| 20:25 | Construir | Farm |
| 20:31 | Construir | Outpost |
| 20:39 | Crear | Villager (Male) |
| 20:40 | Crear | Villager (Male) |
| 20:58 | Construir | Farm |
| 21:13 | Construir | Outpost |
| 21:17 | Crear | Janissary |
| 21:17 | Crear | Janissary |
| 21:18 | Crear | Janissary |
| 21:24 | Construir | Farm |
| 21:28 | Construir | Farm |
| 21:50 | Construir | Outpost |
| 21:52 | Crear | Villager (Male) |
| 21:52 | Crear | Villager (Male) |
| 21:53 | Crear | Villager (Male) |
| 21:59 | Construir | Farm |
| 22:01 | Construir | Farm |
| 22:06 | Crear | Villager (Male) |
| 22:06 | Crear | Villager (Male) |
| 22:17 | Crear | Villager (Male) |
| 22:18 | Crear | Villager (Male) |
| 22:18 | Crear | Villager (Male) |
| 22:26 | Crear | Villager (Male) |
| 22:26 | Crear | Villager (Male) |
| 22:26 | Crear | Villager (Male) |
| 22:26 | Crear | Villager (Male) |
| 22:26 | Crear | Villager (Male) |
| 22:27 | Crear | Villager (Male) |
| 22:27 | Crear | Villager (Male) |
| 22:27 | Crear | Villager (Male) |
| 22:28 | Crear | Villager (Male) |
| 22:32 | Construir | Outpost |
| 22:44 | Construir | Farm |
| 22:50 | Construir | Farm |
| 22:55 | Crear | Janissary |
| 22:56 | Crear | Janissary |
| 22:56 | Crear | Janissary |
| 22:56 | Crear | Janissary |
| 22:59 | Crear | Villager (Male) |
| 22:59 | Crear | Villager (Male) |
| 23:00 | Crear | Villager (Male) |
| 23:05 | Construir | Farm |
| 23:09 | Construir | Farm |
| 23:13 | Crear | Villager (Male) |
| 23:13 | Crear | Villager (Male) |
| 23:13 | Crear | Villager (Male) |
| 23:18 | Construir | Farm |
| 23:25 | Construir | Outpost |
| 23:31 | Crear | Janissary |
| 23:31 | Crear | Janissary |
| 23:31 | Crear | Janissary |
| 23:32 | Crear | Janissary |
| 23:37 | Crear | Villager (Male) |
| 23:37 | Crear | Villager (Male) |
| 23:37 | Crear | Villager (Male) |
| 23:45 | Construir | Farm |
| 23:50 | Crear | Villager (Male) |
| 23:50 | Crear | Villager (Male) |
| 23:50 | Crear | Villager (Male) |
| 24:16 | Construir | Outpost |
| 24:41 | Crear | Villager (Male) |
| 24:41 | Crear | Villager (Male) |
| 24:42 | Crear | Villager (Male) |
| 24:51 | Crear | Janissary |
| 24:51 | Crear | Janissary |
| 25:29 | Crear | Janissary |
Build order — Rayleigh
Primeras 150 de 483 acciones detectadas
| 0:39 | Construir | Town Center |
| 1:49 | Crear | Villager (Male) |
| 1:49 | Crear | Villager (Male) |
| 1:50 | Crear | Villager (Male) |
| 1:50 | Crear | Villager (Male) |
| 1:50 | Crear | Villager (Male) |
| 2:21 | Construir | Lumber Camp |
| 3:17 | Crear | Villager (Male) |
| 3:18 | Crear | Villager (Male) |
| 3:58 | Construir | House |
| 4:05 | Crear | Villager (Male) |
| 4:06 | Crear | Villager (Male) |
| 4:19 | Investigar | Loom |
| 4:33 | Crear | Villager (Male) |
| 4:33 | Crear | Villager (Male) |
| 4:34 | Crear | Villager (Male) |
| 5:59 | Crear | Villager (Male) |
| 6:03 | Construir | Mill |
| 6:19 | Crear | Villager (Male) |
| 6:19 | Crear | Villager (Male) |
| 6:20 | Crear | Villager (Male) |
| 6:20 | Crear | Villager (Male) |
| 8:04 | Investigar | Feudal Age |
| 8:39 | Construir | Barracks |
| 8:41 | Construir | House |
| 8:42 | Construir | House |
| 9:34 | Construir | House |
| 9:38 | Construir | House |
| 9:39 | Construir | House |
| 10:25 | Edad | Edad Feudal |
| 10:42 | Construir | Blacksmith |
| 10:49 | Construir | Archery Range |
| 10:54 | Crear | Villager (Male) |
| 10:54 | Crear | Villager (Male) |
| 10:55 | Crear | Villager (Male) |
| 11:12 | Crear | Spearman |
| 12:16 | Construir | Market |
| 12:19 | Construir | House |
| 12:22 | Crear | Villager (Male) |
| 12:22 | Crear | Villager (Male) |
| 12:36 | Construir | House |
| 12:38 | Construir | House |
| 13:05 | Crear | Archer |
| 13:06 | Crear | Archer |
| 13:06 | Crear | Archer |
| 13:06 | Crear | Archer |
| 13:20 | Crear | Villager (Male) |
| 13:20 | Crear | Villager (Male) |
| 13:22 | Crear | Villager (Male) |
| 14:02 | Construir | Farm |
| 14:02 | Construir | Farm |
| 14:02 | Construir | Farm |
| 14:10 | Construir | Farm |
| 14:21 | Crear | Villager (Male) |
| 15:13 | Crear | Archer |
| 15:13 | Crear | Archer |
| 15:13 | Crear | Archer |
| 15:19 | Investigar | Castle Age |
| 15:19 | Investigar | Castle Age |
| 15:23 | Investigar | Double-Bit Axe |
| 15:35 | Construir | House |
| 15:40 | Construir | Palisade Wall |
| 15:41 | Construir | Palisade Wall |
| 15:44 | Construir | House |
| 15:48 | Construir | House |
| 15:51 | Construir | House |
| 15:53 | Construir | House |
| 16:01 | Crear | Archer |
| 16:01 | Crear | Archer |
| 16:01 | Crear | Archer |
| 16:02 | Crear | Archer |
| 16:10 | Investigar | Fletching |
| 16:32 | Construir | Mining Camp |
| 16:44 | Investigar | Horse Collar |
| 16:45 | Investigar | Horse Collar |
| 17:29 | Construir | Outpost |
| 17:54 | Construir | Farm |
| 17:54 | Construir | Farm |
| 17:54 | Construir | Farm |
| 17:54 | Construir | Farm |
| 17:59 | Edad | Edad de los Castillos |
| 17:59 | Crear | Villager (Male) |
| 18:10 | Investigar | Bow Saw |
| 18:10 | Investigar | Bow Saw |
| 18:34 | Investigar | Crossbowman (upgrade) |
| 18:43 | Construir | Palisade Gate |
| 19:08 | Construir | Town Center |
| 19:15 | Crear | Villager (Male) |
| 19:15 | Crear | Villager (Male) |
| 19:19 | Crear | Villager (Male) |
| 19:19 | Crear | Villager (Male) |
| 19:41 | Crear | Archer |
| 19:42 | Crear | Archer |
| 19:42 | Crear | Archer |
| 19:49 | Crear | Villager (Male) |
| 19:49 | Crear | Villager (Male) |
| 19:54 | Construir | Farm |
| 19:54 | Construir | Farm |
| 19:55 | Construir | Farm |
| 19:55 | Construir | Farm |
| 19:56 | Construir | Farm |
| 20:12 | Crear | Villager (Male) |
| 20:13 | Crear | Villager (Male) |
| 20:15 | Crear | Villager (Male) |
| 20:51 | Crear | Villager (Male) |
| 21:21 | Investigar | Stone Mining |
| 21:33 | Construir | Farm |
| 21:33 | Construir | Farm |
| 21:33 | Construir | Farm |
| 21:35 | Construir | Farm |
| 21:36 | Construir | Farm |
| 21:36 | Construir | Farm |
| 21:41 | Investigar | Gold Mining |
| 21:42 | Crear | Villager (Male) |
| 21:42 | Crear | Villager (Male) |
| 21:47 | Crear | Villager (Male) |
| 22:13 | Crear | Villager (Male) |
| 22:13 | Crear | Villager (Male) |
| 22:21 | Construir | Farm |
| 22:22 | Construir | Farm |
| 22:22 | Construir | Farm |
| 22:22 | Construir | Farm |
| 22:23 | Construir | Farm |
| 22:35 | Crear | Villager (Male) |
| 22:35 | Crear | Villager (Male) |
| 22:35 | Crear | Villager (Male) |
| 22:35 | Crear | Villager (Male) |
| 22:42 | Crear | Archer |
| 22:42 | Crear | Archer |
| 22:42 | Crear | Archer |
| 22:42 | Crear | Archer |
| 22:49 | Crear | Villager (Male) |
| 22:49 | Crear | Villager (Male) |
| 23:39 | Construir | Castle |
| 23:49 | Construir | Mining Camp |
| 24:14 | Construir | Town Center |
| 24:20 | Crear | Villager (Male) |
| 24:20 | Crear | Villager (Male) |
| 24:20 | Crear | Villager (Male) |
| 24:35 | Construir | Farm |
| 24:36 | Construir | Farm |
| 24:41 | Construir | Farm |
| 24:50 | Crear | Villager (Male) |
| 24:50 | Crear | Villager (Male) |
| 24:50 | Crear | Villager (Male) |
| 24:51 | Crear | Villager (Male) |
| 24:51 | Crear | Villager (Male) |
| 24:51 | Crear | Villager (Male) |
| 25:08 | Investigar | Padded Archer Armor |
| 25:39 | Investigar | Bodkin Arrow |
Cronología de la partida
| 4:20 | HernanJC · wall_segment Palisade Wall x8 |
| 4:25 | HernanJC · wall_segment Palisade Wall x5 |
| 6:53 | HernanJC · wall_segment Palisade Wall x12 |
| 8:39 | Rayleigh · first_building Barracks |
| 10:22 | HernanJC · age_up feudal |
| 10:25 | Rayleigh · age_up feudal |
| 10:49 | Rayleigh · first_building Archery Range |
| 11:30 | HernanJC · first_market_sell 100 stone |
| 14:34 | HernanJC · age_up castle |
| 14:44 | Rayleigh · first_market_sell 100 stone |
| 14:45 | Rayleigh · first_market_buy 100 food |
| 15:40 | Rayleigh · wall_segment Palisade Wall x1 |
| 15:41 | Rayleigh · wall_segment Palisade Wall x2 |
| 17:05 | HernanJC · first_building Castle |
| 17:44 | HernanJC · first_market_buy 100 stone |
| 17:59 | Rayleigh · age_up castle |
| 23:39 | Rayleigh · first_building Castle |
| 28:30 | HernanJC · first_building Siege Workshop |
| 31:43 | HernanJC · first_building Barracks |
| 31:44 | HernanJC · age_up imperial |
| 32:51 | HernanJC · first_building Stable |
| 33:15 | Rayleigh · age_up imperial |
| 52:26 | HernanJC · resign |
[ ANÁLISIS IA · 1 CRÉDITO ]
¿Qué pasó realmente en esta partida?
Wolo.gg analiza cada decisión: build order, eco, micro, errores típicos por bracket. Análisis personalizado por WhatsApp o Discord en 30 segundos.
Guía civ
Turcos
Perfil
HernanJC